 Dungeon Crawl Stone Soup version 0.22.1-2-g9c5b331 (webtiles) character file.

105081 toffzen the Sharpshooter (level 16, -2/160 HPs)
             Began as a Kobold Berserker on Dec 16, 2018.
             Was a High Priest of Trog.
             Slain by a black mamba (11 damage)
             ... on level 2 of the Snake Pit on Dec 18, 2018.
             The game lasted 01:33:04 (31746 turns).

toffzen the Sharpshooter (Kobold Berserker)        Turns: 31746, Time: 01:33:06

Health: -2/160     AC: 22    Str: 27    XL:     16   Next: 94%
Magic:  0/22       EV: 21    Int: 11    God:    Trog [*****.]
Gold:   226        SH:  0    Dex: 19    Spells: 15/15 levels left

rFire    + + .     SeeInvis .   a - +9 quick blade
rCold    + . .     Gourm    .   (shield restricted)
rNeg     + + +     Faith    .   J - +0 plate armour
rPois    +         Spirit   +   p - +2 helmet
rElec    .         Reflect  .   j - scarf {rC+ rF+}
rCorr    +         Harm     .   Y - +0 pair of gloves "Lanut" {+Inv rN++ rCorr Stlth-}
MR       +++++                  K - +1 pair of boots
Stlth    ..........             x - amulet of guardian spirit
HPRegen  1.36/turn              w - ring of the Tired Runes {*Contam rF+ rN++ MR+ Str+3}
MPRegen  0.18/turn              y - ring "Rirepy" {rPois rN+ MR+ Int+2 Dex+3}

@: berserking, regenerating, studying Polearms, very quick
A: small, carnivore
a: Berserk, Trog's Hand, Brothers in Arms, Renounce Religion, Evoke Invisibility


You were on level 2 of the Snake Pit.
You worshipped Trog.
Trog was extremely pleased with you.
You were full.

You visited 4 branches of the dungeon, and saw 25 of its levels.
You visited 1 bazaar.
You also visited: Sewer.

You collected 2645 gold pieces.
You spent 2419 gold pieces at shops.

Inventory:

Hand Weapons
 a - a +9 quick blade (weapon)
 b - a +5 arbalest of flaming
 N - a +4 antimagic dagger
Missiles
 g - 564 stones (quivered)
 G - 4 throwing nets
 H - 263 bolts
Armour
 j - a scarf of resistance (worn)
 p - a +2 helmet (worn)
 J - a +0 plate armour (worn)
 K - a +1 pair of boots (worn)
 Y - the +0 pair of gloves "Lanut" (worn) {+Inv rN++ rCorr Stlth-}
   (You found it on level 9 of the Dungeon)

   It greatly protects you from negative energy.
   It lets you turn invisible.
   It provides partial protection from all sources of acid and corrosion.
   It makes you less stealthy.
Jewellery
 l - the ring of the Queen {rC+ Dex+4}
   (You acquired it on level 3 of the Lair of Beasts)

   [ring of protection from cold]

   It affects your dexterity (+4).
   It protects you from cold.
 w - the ring of the Tired Runes (left hand) {*Contam rF+ rN++ MR+ Str+3}
   (You acquired it on level 3 of the Lair of Beasts)

   [ring of strength]

   It affects your strength (+3).
   It protects you from fire.
   It greatly protects you from negative energy.
   It affects your resistance to hostile enchantments.
   It causes magical contamination when unequipped.
 x - an amulet of guardian spirit (around neck)
 y - the ring "Rirepy" (right hand) {rPois rN+ MR+ Int+2 Dex+3}
   (You bought it in a shop in a bazaar)

   [ring of protection from magic]

   It affects your intelligence (+2).
   It affects your dexterity (+3).
   It protects you from poison.
   It protects you from negative energy.
   It affects your resistance to hostile enchantments.
 O - a +4 amulet of reflection
 V - an uncursed ring of see invisible
 W - a cursed amulet of inaccuracy {unknown}
Wands
 e - a wand of acid (10)
 n - a wand of scattershot (4)
 D - a wand of iceblast (40)
 F - a wand of flame (71)
 L - a wand of enslavement (13)
 R - a wand of digging (14)
 U - a wand of disintegration (31)
Scrolls
 o - 12 scrolls of remove curse
 r - a scroll of fear
 t - 3 scrolls of enchant weapon
 A - 9 scrolls of teleportation
 C - 3 scrolls of enchant armour
 E - 5 scrolls of magic mapping
 P - 3 scrolls of immolation
 T - a scroll of blinking {unknown}
 X - a scroll of fog
Potions
 d - 14 potions of curing
 f - 3 potions of mutation
 i - 8 potions of heal wounds
 k - 7 potions of flight
 m - 4 potions of ambrosia
 s - a potion of invisibility
 u - 7 potions of might
 z - 5 potions of lignification
 B - 5 potions of haste
 I - 9 potions of agility
 Q - 2 potions of magic
 S - 3 potions of resistance
Books
 M - a manual of Polearms
Miscellaneous
 h - a box of beasts
 q - a lamp of fire
 v - 2 sacks of spiders
 Z - a lightning rod (4/4)
Comestibles
 c - 47 rations


   Skills:
 * Level 14.6 Fighting
 - Level 10.7 Short Blades
 + Level 17.6 Crossbows
 + Level 11.0 Armour
 + Level 14.8 Dodging
 - Level 8.0 Evocations


You had 15 spell levels left.
You didn't know any spells.
Your spell library was empty.

Dungeon Overview and Level Annotations

Branches:
Dungeon (15/15)            Temple (0/1) D:7            Lair (6/6) D:8
 Shoals (0/4) Lair:4        Snake (2/4) Lair:2        Slime (0/5) Lair:5
    Orc (2/2) D:12            Elf (0/3) Orc:2        Vaults (0/5) D:13
 Depths (0/5) D:15

Altars:
Elyvilon
Fedhas
Qazlal
Trog

Shops:
D:5 :   D:11 (   Orc:2 ==!:   Snake:1 =}}

Annotations:
D:7 3 runed doors, Miyamura's ghost, novice DEFE


Innate Abilities, Weirdness & Mutations

You are small and have problems with some larger weapons.
You are carnivorous and can eat meat at any time.


Message History

Unknown command.
You impale the shock serpent!!
The shock serpent is heavily wounded.
The shock serpent's electric aura discharges, shocking you!
You impale the shock serpent!!
The shock serpent is severely wounded.
The shock serpent's electric aura discharges, shocking you!
* * * LOW HITPOINT WARNING * * *
A black mamba comes into view.
The shock serpent completely misses you.
You puncture the shock serpent!
You kill the shock serpent!
Trog accepts your kill.
Your Armour skill increases to level 11!
The air sparks with electricity, shocking you!
* * * LOW HITPOINT WARNING * * *
Unknown command.
You are too berserk!
You barely miss the black mamba. The black mamba bites you!
You die...

#.# #####.#
#.# #.# #.#
#.# #.# ##.#
#..#######..
##..@(NS(NS(
#.S#####NS.
##.# #.# #.#
#.# #.# #<#


You could see a mana viper, a guardian serpent, 2 black mambas, 2 naga magi and
a naga.

Vanquished Creatures
  Rupert (D:14)
  3 dire elephants (Lair:6)
  Snorg (D:12)
  Josephine (Lair:6)
  An ettin (D:15)
  5 ogre magi
  Harold (D:11)
  8 vault guards (D:13)
  7 hydras
  A death knight (D:15)
  3 centaur warriors
  21 two-headed ogres
  4 anacondas
  4 tengu warriors (D:15)
  A shock serpent (Snake:2)
  A naga sharpshooter (Snake:1)
  Urug (Lair:2)
  A skeletal warrior (D:14)
  A naga ritualist (Snake:1)
  3 unseen horrors
  4 orc knights
  Pikel (D:3)
  A deep elf mage (D:15)
  An orc sorcerer (D:15)
  A wolf spider zombie (D:13)
  2 manticores
  A cyclops (D:12)
  5 ugly things (D:15)
  2 salamanders
  4 elephants (Lair:6)
  3 centaur zombies
  Psyche (D:12)
  10 black mambas
  2 gargoyles
  3 naga magi
  10 spiny frogs
  A guardian serpent (Snake:2)
  A torpor snail (Lair:5)
  2 centaur skeletons
  12 komodo dragons
  2 kobold demonologists
  3 freezing wraiths (D:15)
  A polar bear (Lair:5)
  A tengu conjurer (D:9)
  10 trolls
  9 blink frogs
  Grinder (D:5)
  5 slime creatures (D:12)
  6 hippogriffs
  Sigmund (D:6)
  5 wyverns
  34 yaks
  3 shadows
  8 wraiths
  3 basilisks
  8 vampire mosquitoes
  5 hungry ghosts
  A human (D:7)
  4 hogs (D:7)
  4 nagas
  9 wargs
  A soldier ant (D:12)
  11 water moccasins
  An acid dragon (D:11)
  6 porcupines
  28 orc warriors
  2 slaves (D:3)
  3 ice beasts (D:7)
  2 necrophages
  43 ogres
  2 sky beasts
  3 wolves (Lair:1)
  A phantom (D:11)
  13 centaurs
  15 crocodiles
  9 big kobolds
  A wyvern zombie (D:13)
  23 bullfrogs
  A wyvern skeleton (D:12)
  A water moccasin skeleton (D:7)
  4 scorpions
  6 killer bees (D:9)
  12 wights
  3 howler monkeys
  4 jellies
  10 crimson imps
  4 bullfrog zombies
  9 hounds
  3 bullfrog skeletons
  4 iguanas
  18 orc priests
  27 orc wizards
  15 worker ants
  A killer bee zombie (D:2)
  A hound zombie (D:8)
  3 worker ant zombies
  3 gnolls (D:12)
  10 adders
  7 river rats
  2 shadow imps
  4 oozes
  An adder skeleton (D:4)
  5 worms
  2 dart slugs
  5 leopard geckos
  97 orcs
  8 giant cockroaches
  14 goblins
  13 hobgoblins
  4 jackals
  37 kobolds
  4 quokkas
  7 ball pythons (Sewer)
  11 bats
  4 frilled lizards
  A giant cockroach zombie (D:4)
  A jackal zombie (D:5)
  2 leopard gecko skeletons
  A leopard gecko zombie (D:6)
  A quokka skeleton (D:4)
  33 rats
  2 plants (Lair:6)
828 creatures vanquished.

Vanquished Creatures (others)
  An orc (D:4)
  A jackal zombie (D:4)
  A bush (Lair:6)
  10 fungi (Lair:6)
  9 plants
22 creatures vanquished.

Grand Total: 850 creatures vanquished

Notes
Turn   | Place    | Note
-------+----------+-------------------------------------------
     0 | D:1      | toffzen the Kobold Berserker began the quest for the Orb.
     0 | D:1      | Reached XP level 1. HP: 14/14 MP: 1/1
   134 | D:1      | Reached XP level 2. HP: 19/19 MP: 2/2
   540 | D:1      | Reached XP level 3. HP: 23/23 MP: 3/3
  1082 | D:2      | Reached ** piety under Trog
  1082 | D:2      | Reached skill level 5 in Short Blades
  1082 | D:2      | Reached XP level 4. HP: 29/29 MP: 4/4
  1735 | D:2      | Reached XP level 5. HP: 33/33 MP: 5/5
  2399 | D:3      | Reached *** piety under Trog
  2408 | D:3      | Reached XP level 6. HP: 38/38 MP: 6/6
  2656 | D:3      | You fall through a shaft for 2 floors!
  2656 | D:5      | Entered Level 5 of the Dungeon
  2680 | D:4      | Noticed an ogre
  2696 | D:4      | Killed an ogre
  3151 | D:4      | Noticed Pikel
  3151 | D:4      | Noticed a slave
  3151 | D:4      | Noticed a slave
  3159 | D:3      | Killed a slave
  3248 | D:4      | Noticed a slave
  3248 | D:4      | Noticed a slave
  3265 | D:3      | Killed a slave
  3366 | D:4      | Reached XP level 7. HP: 44/44 MP: 7/7
  3470 | D:3      | Killed Pikel
  3470 | D:3      | Reached skill level 5 in Fighting
  3470 | D:3      | Reached skill level 5 in Dodging
  3470 | D:3      | Reached XP level 8. HP: 50/50 MP: 8/8
  3618 | D:4      | Reached **** piety under Trog
  3867 | D:4      | Found a blossoming altar of Fedhas.
  4278 | D:5      | Found Maehyux's Book Boutique.
  4360 | D:5      | Noticed Grinder
  4377 | D:5      | Killed Grinder
  4674 | D:6      | Noticed Sigmund
  4681 | D:6      | Reached XP level 9. HP: 52/55 MP: 9/9
  4808 | D:6      | Killed Sigmund
  4853 | D:6      | Reached skill level 10 in Short Blades
  5179 | D:6      | Found a glowing drain.
  5206 | Sewer    | Entered a sewer
  5307 | Sewer    | Reached ***** piety under Trog
  6081 | D:6      | Found a bloodstained altar of Trog.
  6250 | D:7      | Reached skill level 1 in Crossbows
  6337 | D:7      | Found a staircase to the Ecumenical Temple.
  6531 | D:7      | Reached skill level 2 in Crossbows
  6673 | D:7      | Reached skill level 5 in Armour
  6725 | D:7      | Reached skill level 1 in Evocations
  6725 | D:7      | Reached XP level 10. HP: 60/63 MP: 10/10
  6761 | D:7      | Reached skill level 3 in Crossbows
  6818 | D:7      | Found a runed gate.
  6818 | D:7      | Found a runed gate.
  6818 | D:7      | Found a runed gate.
  6917 | D:7      | Noticed Miyamura's ghost (novice DEFE)
  7173 | D:7      | Received a gift from Trog
  7254 | D:7      | Reached skill level 4 in Crossbows
  7376 | D:7      | Reached skill level 5 in Crossbows
  8010 | D:8      | Found a staircase to the Lair.
  8544 | D:8      | Found a white marble altar of Elyvilon.
  8713 | D:8      | Noticed a two-headed ogre
  8721 | D:8      | Killed a two-headed ogre
  8721 | D:8      | Reached skill level 6 in Crossbows
  9288 | D:9      | Reached XP level 11. HP: 68/68 MP: 14/14
  9544 | D:9      | Noticed a two-headed ogre
  9554 | D:9      | Killed a two-headed ogre
  9554 | D:9      | Reached skill level 7 in Crossbows
 10161 | D:9      | Reached skill level 5 in Evocations
 10161 | D:9      | Noticed a four-headed hydra
 10171 | D:9      | Reached skill level 8 in Crossbows
 10178 | D:9      | Killed a four-headed hydra
 10276 | D:9      | Received a gift from Trog
 10719 | D:9      | Got a clouded amber ring
 10733 | D:9      | Got a pair of jewelled gloves
 10739 | D:9      | Identified the cursed +0 pair of gloves "Lanut" {+Inv rN++
                  | rCorr Stlth-} (You found it on level 9 of the Dungeon)
 10882 | D:10     | Entered Level 10 of the Dungeon
 10920 | D:9      | Reached skill level 9 in Crossbows
 11021 | D:10     | Identified the ring of Qihitwo {rC+ MP+9} (You took it off
                  | a crimson imp on level 9 of the Dungeon)
 11445 | D:10     | Reached XP level 12. HP: 74/76 MP: 15/15
 11774 | Lair:1   | Entered Level 1 of the Lair of Beasts
 11891 | Lair:1   | Reached skill level 10 in Crossbows
 12246 | Lair:1   | Reached skill level 10 in Dodging
 13068 | Lair:2   | Noticed Urug
 13088 | Lair:2   | Killed Urug
 13138 | Lair:2   | Found a staircase to the Snake Pit.
 13208 | Lair:2   | Reached skill level 11 in Crossbows
 13264 | Lair:2   | Reached skill level 10 in Fighting
 13573 | Lair:1   | Received a gift from Trog
 14537 | Lair:3   | Reached XP level 13. HP: 59/83 MP: 16/16
 14700 | Lair:3   | Reached skill level 12 in Crossbows
 15074 | Lair:3   | Identified 3 scrolls of acquirement
 15091 | Lair:3   | Got a clouded amber ring
 15093 | Lair:3   | Identified the ring of the Queen {rC+ Dex+4} (You acquired
                  | it on level 3 of the Lair of Beasts)
 15097 | Lair:3   | Got a glittering steel ring
 15099 | Lair:3   | Identified the ring of the Tired Runes {*Contam rF+ rN++
                  | MR+ Str+3} (You acquired it on level 3 of the Lair of
                  | Beasts)
 15170 | Lair:4   | Noticed a four-headed hydra
 15279 | Lair:4   | Received a gift from Trog
 15288 | Lair:4   | Killed a four-headed hydra
 15432 | Lair:4   | Found a staircase to the Shoals.
 16911 | Lair:5   | Received a gift from Trog
 17023 | Lair:5   | Found a staircase to the Slime Pits.
 17447 | Lair:6   | Entered Level 6 of the Lair of Beasts
 17461 | Lair:6   | Reached skill level 13 in Crossbows
 17586 | Lair:6   | Noticed a four-headed hydra
 17600 | Lair:6   | Killed a four-headed hydra
 18890 | Lair:6   | Noticed Josephine
 18909 | Lair:6   | Killed Josephine
 19532 | Lair:6   | Reached XP level 14. HP: 41/90 MP: 14/17
 19932 | Lair:6   | Reached skill level 14 in Crossbows
 20071 | Lair:6   | Noticed a dire elephant
 20071 | Lair:6   | Noticed a dire elephant
 20094 | Lair:6   | Killed a dire elephant
 20106 | Lair:6   | Killed a dire elephant
 20292 | Lair:6   | Identified the Handbook of the Shifting Compass
 20327 | Lair:6   | Noticed a dire elephant
 20341 | Lair:6   | Killed a dire elephant
 20629 | D:11     | Found Qesinwit's Antique Weapon Shoppe.
 20709 | D:11     | Noticed Snorg
 20810 | D:11     | Got a flickering jade amulet
 20811 | D:11     | Identified the amulet "Curo" {Reflect Int+6 Slay-4 SH+2}
                  | (You found it on level 11 of the Dungeon)
 21165 | D:11     | Received a gift from Trog
 21168 | D:11     | Noticed Harold
 21207 | D:11     | Killed Harold
 21818 | D:12     | Found a staircase to the Orcish Mines.
 21903 | D:12     | Noticed Psyche
 21913 | D:12     | Killed Psyche
 22014 | D:12     | Received a gift from Trog
 22039 | D:12     | Reached skill level 15 in Crossbows
 22408 | D:12     | Killed Snorg
 22641 | D:12     | Found a stormy altar of Qazlal.
 22869 | D:13     | Received a gift from Trog
 23060 | D:13     | Received a gift from Trog
 23483 | D:13     | Reached XP level 15. HP: 65/97 MP: 8/20
 23554 | D:13     | Found a gate to the Vaults.
 24289 | D:14     | Received a gift from Trog
 24714 | D:14     | Noticed Rupert
 24733 | D:14     | Killed Rupert
 24733 | D:14     | Reached skill level 16 in Crossbows
 25158 | D:15     | Entered Level 15 of the Dungeon
 25351 | D:15     | Reached skill level 10 in Armour
 26145 | D:15     | HP: 4/98 [ettin/dire flail (25)]
 26375 | D:15     | Found a staircase to the Depths.
 26408 | D:15     | Reached XP level 16. HP: 102/104 MP: 22/22
 26893 | D:15     | Received a gift from Trog
 27202 | D:15     | Reached skill level 17 in Crossbows
 27355 | Orc:1    | Entered Level 1 of the Orcish Mines
 27874 | Orc:2    | Entered Level 2 of the Orcish Mines
 28093 | Orc:2    | Found a staircase to the Elven Halls.
 28836 | Orc:2    | Received a gift from Trog
 29027 | Orc:2    | Received a gift from Trog
 29911 | Orc:2    | Found Osuamoth's Jewellery Shoppe.
 29911 | Orc:2    | Found Lyxzayn's Jewellery Boutique.
 29912 | Orc:2    | Found Seraugunk's Distillery.
 29912 | Orc:2    | Found Koakoyhe's Book Emporium.
 29932 | Orc:2    | Bought a potion of heal wounds for 70 gold pieces
 29932 | Orc:2    | Bought a potion of might for 56 gold pieces
 29932 | Orc:2    | Bought 2 potions of heal wounds for 140 gold pieces
 29932 | Orc:2    | Bought 2 potions of haste for 280 gold pieces
 29932 | Orc:2    | Bought a potion of agility for 56 gold pieces
 29932 | Orc:2    | Bought a potion of curing for 42 gold pieces
 29934 | Orc:2    | Bought an uncursed ring of see invisible for 225 gold
                  | pieces
 29934 | Orc:2    | Bought a +4 amulet of reflection for 405 gold pieces
 29935 | Orc:2    | Bought an uncursed ring of poison resistance for 280 gold
                  | pieces
 30317 | Snake:1  | Entered Level 1 of the Snake Pit
 30465 | Snake:1  | Received a gift from Trog
 30986 | Snake:1  | Found a flickering gateway to a bazaar.
 31000 | Bazaar   | Entered a bazaar
 31000 | Bazaar   | Found Ulun's Jewellery Boutique.
 31000 | Bazaar   | Found Heicuuf's Book Boutique.
 31024 | Bazaar   | Found Pofenewe's Magic Scroll Shop.
 31061 | Bazaar   | Found Ogaofem's Jewellery Boutique.
 31086 | Bazaar   | Bought the ring "Rirepy" {rPois rN+ MR+ Int+2 Dex+3} for
                  | 865 gold pieces
 31239 | Snake:1  | Found Xiqughar's Jewellery Shop.
 31239 | Snake:1  | Found Noadd's Gadget Emporium.
 31240 | Snake:1  | Found Feaso's Gadget Emporium.
 31746 | Snake:2  | Slain by a black mamba

Skill      XL: |  1  2  3  4  5  6  7  8  9 10 11 12 13 14 15 16 |
---------------+-------------------------------------------------+-----
Short Blades   | 5 6 8 9 10 | 10.7
Armour         | 2 3 4 5 6 7 8 9 10 11 | 11.0
Dodging        | 3 4 5 7 8 9 10 12 13 14 | 14.8
Fighting       | 4 5 6 7 8 9 10 11 12 13 14 | 14.6
Crossbows      | 2 6 9 11 13 15 16 17 | 17.6
Evocations     | 1 4 5 6 8 |  8.0

Action                   |  1- 3 |  4- 6 |  7- 9 | 10-12 | 13-15 | 16-18 || total
-------------------------+-------+-------+-------+-------+-------+-------++-------
Melee: Short sword       |    75 |   220 |   439 |   318 |       |       ||  1052
       Quick blade       |       |       |       |   498 |  1262 |   764 ||  2524
 Fire: Arbalest          |       |       |       |    43 |   184 |    90 ||   317
       Hand crossbow     |       |       |       |       |   244 |       ||   244
Throw: Stone             |       |       |       |     5 |       |       ||     5
Invok: Berserk           |     1 |     7 |     8 |    19 |    11 |     4 ||    50
       Trog's Hand       |       |       |       |     6 |    13 |     5 ||    24
Evoke: Wand              |       |       |    16 |     5 |    16 |     2 ||    39
  Use: Scroll            |       |     4 |     4 |     9 |    23 |     2 ||    42
       Potion            |       |       |     1 |     1 |     8 |     2 ||    12
 Stab: Sleeping          |     3 |       |       |       |       |       ||     3
  Eat: Chunk             |     9 |    14 |    16 |    48 |    58 |    20 ||   165
       Ration            |       |       |     1 |       |       |       ||     1
Armor: Animal skin       |     5 |       |       |       |       |       ||     5
       Ring mail         |     3 |    54 |    61 |    66 |    99 |       ||   283
       Plate armour      |       |       |       |       |    69 |    88 ||   157
Dodge: Dodged            |    43 |   133 |   246 |   338 |   509 |   380 ||  1649
